 Dungeon Crawl Stone Soup version 0.23.2 (webtiles) character file.

Game seed: 12733300431302770680

200 Menchi the Sneak (level 5, -1/29 HPs)
             Began as a Deep Elf Assassin on Apr 10, 2019.
             Slain by a river rat (5 damage)
             ... in a sewer.
             The game lasted 00:08:31 (2732 turns).

Menchi the Sneak (Deep Elf Assassin)                Turns: 2732, Time: 00:08:32

Health: -1/29      AC:  3    Str:  8    XL:     5   Next: 48%
Magic:  0/10       EV: 13    Int: 16    God:
Gold:   117        SH:  0    Dex: 17    Spells: 8/8 levels left

rFire    . . .     SeeInvis .   a - +2 dagger
rCold    . . .     Gourm    .   (no shield)
rNeg     . . .     Faith    .   c - +0 robe
rPois    +         Spirit   +   (no helmet)
rElec    .         Reflect  .   p - +0 cloak
rCorr    .         Harm     .   (no gloves)
MR       .....                  (no boots)
Stlth    ++........             k - amulet of guardian spirit
HPRegen  0.09/turn              s - ring of poison resistance (curse)
MPRegen  0.12/turn              (no ring)

@: very slow
A: no striking features
a: no special abilities


You were in a sewer.
You were not hungry.

You visited 1 branch of the dungeon, and saw 3 of its levels.
You also visited: Sewer.

You collected 117 gold pieces.

Inventory:

Hand Weapons
 a - a +2 dagger (weapon)
 b - a +0 blowgun
Missiles
 e - 7 poisoned needles
 f - 2 curare-tipped needles
Armour
 c - a +0 robe (worn)
 p - a +0 cloak (worn)
Jewellery
 k - an amulet of guardian spirit (around neck)
 s - a cursed ring of poison resistance (left hand)
Wands
 r - a wand of iceblast (4)
Scrolls
 d - a scroll of random uselessness {unknown}
 h - a scroll of fear {unknown}
 i - 2 scrolls of amnesia {unknown}
 j - 2 scrolls of magic mapping {unknown}
 l - 4 scrolls of fog {unknown}
 m - a scroll of identify {unknown}
 n - a scroll of enchant armour {unknown}
 q - a scroll of enchant weapon {unknown}
 u - a scroll of teleportation {unknown}
Potions
 o - a potion of might {unknown}
 t - a potion of lignification {unknown}
Comestibles
 g - 7 rations


   Skills:
 - Level 1.5 Fighting
 - Level 2.0 Short Blades
 - Level 2.0 Throwing
 * Level 2.8 Dodging
 * Level 7.7 Stealth
 * Level 2.2 Spellcasting


You had 8 spell levels left.
You didn't know any spells.
Your spell library was empty.

Dungeon Overview and Level Annotations

Branches:
Dungeon (3/15)

Altars:


Message History

You hear an angry hiss. x5
The river rat bites you. x2
* * * LOW HITPOINT WARNING * * *
Why would you want to do that?
You enter the shallow water.
Moving in this stuff is going to be slow.
The river rat bites you.
* * * LOW HITPOINT WARNING * * *
Why would you want to do that? The river rat misses you.
The river rat completely misses you. Why would you want to do that?
The river rat barely misses you. The river rat barely misses you.
The river rat closely misses you.
The river rat bites you but does no damage.
The river rat closely misses you. The river rat bites you.
* * * LOW HITPOINT WARNING * * *
A ball python comes into view.
The river rat bites you.
You die...

###################
#≈≈≈≈≈≈≈#≈≈≈≈≈≈r..###
≈≈≈≈≈≈.≈r≈≈≈≈r≈r@...##
.≈≈≈≈≈.|.S≈≈≈≈≈r.....##
.≈≈≈≈≈≈..≈≈≈≈≈≈≈......#
≈≈≈≈≈≈≈≈.≈≈≈≈≈≈≈≈.....#
.≈≈≈≈≈≈≈≈≈≈≈≈≈≈≈......#
##################....#
####...## #..#....#
#..'....#


You could see 3 river rats, a ball python (wandering) and a rat.

Vanquished Creatures
  A jelly (D:2)
  7 adders
  2 river rats (Sewer)
  2 worms
  5 dart slugs
  A leopard gecko (D:1)
  An orc (D:3)
  6 ball pythons
  4 giant cockroaches
  10 goblins
  8 hobgoblins
  2 quokkas (D:2)
  6 bats
  3 frilled lizards
  4 kobolds
  19 rats
81 creatures vanquished.

Notes
Turn   | Place    | Note
-------+----------+-------------------------------------------
     0 | D:1      | Menchi the Deep Elf Assassin began the quest for the Orb.
     0 | D:1      | Reached XP level 1. HP: 12/12 MP: 3/3
    58 | D:1      | Reached skill level 5 in Stealth
   209 | D:1      | Reached XP level 2. HP: 16/16 MP: 4/4
   945 | D:1      | Reached XP level 3. HP: 20/20 MP: 6/6
  1063 | D:1      | Reached skill level 6 in Stealth
  1151 | D:2      | Reached skill level 1 in Spellcasting
  1201 | D:2      | Reached XP level 4. HP: 21/25 MP: 7/7
  1976 | D:3      | Reached skill level 7 in Stealth
  2200 | D:3      | Reached XP level 5. HP: 15/29 MP: 9/9
  2279 | D:3      | Found a glowing drain.
  2284 | Sewer    | Entered a sewer
  2353 | Sewer    | HP: 1/29 [rat (2)]
  2732 | Sewer    | Slain by a river rat

Skill      XL: |  1  2  3  4  5 |
---------------+----------------+-----
Stealth        | 5 6 7 |  7.7
Dodging        | 2 |  2.8
Spellcasting   | 1 2 |  2.2
Fighting       | |  1.5
Short Blades   | |  2.0
Throwing       | |  2.0

Action                   |  1- 3 |  4- 6 || total
-------------------------+-------+-------++-------
Melee: Dagger            |   105 |   143 ||   248
 Fire: Blowgun           |     2 |       ||     2
Evoke: Wand              |       |     5 ||     5
  Use: Potion            |       |     2 ||     2
 Stab: Sleeping          |     7 |    17 ||    24
  Eat: Chunk             |     1 |     5 ||     6
Armor: Robe              |    20 |    38 ||    58
Dodge: Dodged            |    53 |   114 ||   167
